 Dungeon Crawl Stone Soup version 0.31-a0-675-g238779eb0a (webtiles) character file.

Game seed: 16743990629921694311

1012 lunkers the Martial Artist (level 8, -1/59 HPs)
             Began as a Meteoran Shapeshifter on Sept 5, 2023.
             Was a Follower of Uskayaw.
             Slain by an orc warrior
             ... wielding a +0 long sword
              (15 damage)
             ... on level 7 of the Dungeon.
             The game lasted 00:07:50 (2466 turns).

lunkers the Martial Artist (Meteoran Shapeshifter)  Turns: 2466, Time: 00:07:51

Health: -1/59      AC:  4    Str: 16    XL:     8   Next: 73%
Magic:  2/11       EV: 12    Int: 11    God:    Uskayaw [*.....]
Gold:   154        SH:  0    Dex: 16    Spells: 7/7 levels left

rFire   + .          .
                       - Unarmed
rCold   . . .        (no shield)
rNeg    + . .        v - +1 leather armour {rF+}
rPois   .            (helmet currently unavailable)
rElec   .            (cloak currently unavailable)
rCorr   .            (gloves currently unavailable)
SInv    .            (boots currently unavailable)
Will    +....        (no amulet)
Stlth   +            t - ring of positive energy
HPRegen 0.29/turn    (no ring)
MPRegen 0.12/turn

%: no passive effects
@: beast-form, glowing
A: beast (slay +3), sense surroundings 1, otherworldly, glowing, explore regen
a: Begin Untransformation, Renounce Religion, Stomp


You were on level 7 of the Dungeon.
You worshipped Uskayaw.
Uskayaw was noncommittal.
You were a hulking beast.
You visited 1 branch of the dungeon, and saw 7 of its levels.

You collected 154 gold pieces.

Inventory:

Armour
 f - a +0 pair of boots
 q - a +2 pair of gloves
 v - a +1 leather armour of fire resistance (worn)
Jewellery
 t - a ring of positive energy (left hand)
Talismans
 c - a beast talisman (active)
 d - a flux talisman
Scrolls
 e - 2 scrolls of vulnerability {unknown}
 j - 2 scrolls of teleportation {unknown}
 m - a scroll of fog {unknown}
 n - 2 scrolls of immolation {unknown}
 o - a scroll of blinking {unknown}
 p - a scroll of revelation {unknown}
 r - 2 scrolls of amnesia {unknown}
 s - 3 scrolls of identify {unknown}
Potions
 a - a potion of cancellation {unknown}
 g - a potion of heal wounds {unknown}
 h - 2 potions of haste {unknown}
 i - a potion of brilliance {unknown}
 k - 2 potions of curing {unknown}
 u - 3 potions of enlightenment {unknown}


   Skills:
 - Level 1.1 Fighting
 - Level 2.1 Dodging
 * Level 9.4 Unarmed Combat
 + Level 3.2 Invocations
 + Level 6.6 Shapeshifting


You had 7 spell levels left.
You didn't know any spells.
Your spell library contained the following spells:

 Spells                   Type           Power      Damage    Failure   Level
 Cigotuvi's Dreadful Rot  Necr/Pois/Air  0%         N/A       54%         2
 Call Canine Familiar     Summ           0%         N/A       78%         3
 Portal Projectile        Hex/Tloc       0%         N/A       78%         3
 Dispel Undead            Necr           0%         3d6       99%         4
 Leda's Liquefaction      Hex/Erth       0%         N/A       99%         4
 Death Channel            Necr           0%         N/A       100%        6


Dungeon Overview and Level Annotations

Branches:
Dungeon (7/15) Zot: 1778   Temple (0/1) D:6

Altars:
Okawaru
Qazlal
Uskayaw
Yredelemnul
The Shining One


Innate Abilities, Weirdness & Mutations

You are a hulking beast.
Your limbs bulge with bestial killing power. (Slay +3)
You passively map a small area around you.
You are easily found by Zot.
You glow in the dark.
You regain HP and MP as you explore.


Message History

You hit the orc. Your punch misses the orc.
The orc is severely wounded.
The orc hits you with a +0 short sword.
* * * LOW HITPOINT WARNING * * *
You hit the orc.
You kill the orc!
Unknown command.
You hit the orc.
The orc is heavily wounded.
The orc hits you but does no damage.
You punch the orc!
You kill the orc!
Uskayaw will force your foes to helplessly watch your dance.
You closely miss the orc warrior.
You punch the orc warrior, but do no damage.
The orc warrior misses you.
You hit the orc warrior.
The orc warrior is lightly wounded.
The orc warrior barely misses you.
You hit the orc warrior but do no damage.
The orc warrior is lightly wounded.
You stomp with the beat, sending a shockwave through the revellers around you!
The orc warrior is heavily wounded.
The orc warrior hits you with a +0 long sword!
* * * LOW HITPOINT WARNING * * *
You stomp with the beat, sending a shockwave through the revellers around you!
The orc warrior is severely wounded.
The orc warrior hits you with a +0 long sword.
* * * LOW HITPOINT WARNING * * *
Unknown command.
You stomp with the beat, sending a shockwave through the revellers around you!
The orc warrior is almost dead.
* * * LOW MAGIC WARNING * * *
You can no longer pass through a line of other dancers.
The orc warrior misses you.
Unknown command.
You hit the orc warrior but do no damage.
The orc warrior is almost dead.
The orc warrior hits you with a +0 long sword!
You die...

# , * * #. ,
.#### , * ,
... * * ,#.#*
* , #<########
, , *
#......... ,
,,,
#.############
, *
#..†..ho......
###)..##......
* ,+....#
#####* *
#....# ####.#
.# *** .# , ,
.# **** , * ,
, ,


You could see an orc warrior.

Vanquished Creatures
  A wyvern (D:7)
  A water moccasin (D:6)
  A phantom (D:5)
  A kobold brigand (D:6)
  A scorpion (D:6)
  A howler monkey (D:6)
  A hound (D:6)
  2 orc priests (D:5)
  A gnoll bouda (D:5)
  Jessica (D:2)
  An iguana (D:3)
  3 orc wizards
  8 gnolls
  7 adders
  A white imp (D:6)
  An ufetubus (D:6)
  A worm (D:2)
  4 dart slugs
  18 orcs
  6 endoplasms
  3 giant cockroaches
  6 goblins
  6 hobgoblins
  11 jackals
  5 kobolds
  2 quokkas
  4 ball pythons
  4 bats
  3 frilled lizards
  5 rats
110 creatures vanquished.

Notes
Turn   | Place    | Note
-------+----------+-------------------------------------------
     0 | D:1      | lunkers the Meteoran Shapeshifter began the quest for the
                  | Orb.
     0 | D:1      | Reached XP level 1. HP: 16/16 MP: 2/2
    76 | D:1      | Reached skill level 4 in Unarmed Combat
    76 | D:1      | Reached XP level 2. HP: 23/23 MP: 3/3
   268 | D:1      | Reached XP level 3. HP: 28/28 MP: 4/4
   374 | D:2      | Noticed Jessica
   378 | D:2      | Killed Jessica
   379 | D:2      | Reached skill level 5 in Unarmed Combat
   379 | D:2      | Reached XP level 4. HP: 30/35 MP: 5/5
   600 | D:2      | Reached XP level 5. HP: 40/40 MP: 6/6
   790 | D:3      | Reached skill level 6 in Unarmed Combat
   797 | D:3      | Reached XP level 6. HP: 27/47 MP: 7/7
  1047 | D:4      | Reached skill level 5 in Shapeshifting
  1378 | D:5      | Entered Level 5 of the Dungeon
  1463 | D:5      | Reached skill level 7 in Unarmed Combat
  1575 | D:5      | Reached XP level 7. HP: 46/52 MP: 8/8
  1933 | D:5      | Reached skill level 8 in Unarmed Combat
  1962 | D:6      | Found a hide-covered altar of Uskayaw.
  1965 | D:6      | Found a stormy altar of Qazlal.
  1967 | D:6      | Found a basalt altar of Yredelemnul.
  1971 | D:6      | Found a glowing golden altar of the Shining One.
  1979 | D:6      | Became a worshipper of Uskayaw the Reveller
  2007 | D:6      | Found a staircase to the Ecumenical Temple.
  2039 | D:6      | Reached * piety under Uskayaw
  2040 | D:6      | Reached ** piety under Uskayaw
  2056 | D:6      | Reached *** piety under Uskayaw
  2066 | D:6      | Noticed a water moccasin
  2080 | D:6      | Killed a water moccasin
  2081 | D:6      | Reached skill level 1 in Invocations
  2081 | D:6      | Reached XP level 8. HP: 50/59 MP: 8/10
  2231 | D:6      | Reached skill level 9 in Unarmed Combat
  2238 | D:6      | Found an iron altar of Okawaru.
  2437 | D:7      | Noticed a wyvern
  2444 | D:7      | Killed a wyvern
  2466 | D:7      | Slain by an orc warrior

Illustrated notes

Levels and vault maps discovered:
D:1:      dpeg_arrival_rooms_with_view, layout_basic, minmay_hedge_maze,
          hangedman_decor_diamond_cutter
D:2:      layout_basic, uniq_jessica
D:3:      layout_basic, minmay_misc_feat_tiny, hangedman_decor_push, uniq_robin
D:4:      layout_basic
D:5:      layout_basic
D:6:      layout_loops_ring, mainiacjoe_overflow_24_doors,
          mainiacjoe_overflow_paths, mainiacjoe_overflow_alcove_3,
          minmay_temple_entry_arrows, minmay_quadrilaterals
D:7:      layout_basic

Skill      XL: |  1  2  3  4  5  6  7  8 |
---------------+-------------------------+-----
Unarmed Combat | 4 5 6 7 8 9 |  9.4
Shapeshifting  | 4 5 6 |  6.6
Invocations    | 1 3 |  3.2
Fighting       | |  1.1
Dodging        | |  2.1

Action                     |  1- 3 |  4- 6 |  7- 9 || total
---------------------------+-------+-------+-------++-------
  Melee: Unarmed           |    62 |   151 |   137 ||   350
         Punch             |     1 |     9 |     7 ||    17
 Invoke: Stomp             |       |       |     4 ||     4
    Use: Potion            |       |     1 |       ||     1
         Scroll            |       |       |     1 ||     1
   Stab: Paralysed         |       |       |     2 ||     2
 Armour: Animal skin       |    21 |     1 |       ||    22
         Ring mail         |       |    59 |       ||    59
         Skin              |       |    15 |       ||    15
         Leather armour    |       |     5 |    81 ||    86
  Dodge: Dodged            |    35 |    66 |    87 ||   188

Table legend: (Time is in decaauts)
 A = Elapsed time spent in this place.
 B = Non-inter-level travel time spent in this place.
 C = Inter-level travel time spent in this place.
 D = Time resting spent in this place.
 E = Time spent auto-exploring this place.
 F = Levels seen in this place.
 G = Mean time per level.
                   A        B        C        D        E       F      G
               +--------+--------+--------+--------+--------+-----+--------+
         Total |   2421 |   2393 |     28 |     28 |   1563 |   7 |  345.9 |
       Dungeon |   2421 |   2393 |     28 |     28 |   1563 |   7 |  345.9 |
               +--------+--------+--------+--------+--------+-----+--------+

Top non-repeatable levels by time:
     D:5: 572 daAuts
     D:6: 463 daAuts
     D:4: 417 daAuts
     D:1: 369 daAuts
     D:2: 349 daAuts
     D:3: 220 daAuts
     D:7: 28 daAuts
